 Dungeon Crawl Stone Soup version 0.32-a0-119-g2e8054a333 (webtiles) character file.

Game seed: 16119884921926342058

98 Sobieck the Grasshopper (level 4, -1/38 HPs)
             Began as a Gnoll Warper on Feb 6, 2024.
             Slain by Grinder (7 damage)
             ... on level 4 of the Dungeon.
             The game lasted 00:04:18 (2652 turns).

Sobieck the Grasshopper (Gnoll Warper)              Turns: 2652, Time: 00:04:19

Health: -1/38      AC:  7    Str: 10    XL:     4   Next: 71%
Magic:  11/11      EV:  9    Int: 14    God:
Gold:   125        SH:  0    Dex: 12    Spells: 13/13 levels left

rFire   . . .        C - +0 club (spect)
rCold   . . .        (no shield)
rNeg    . . .        l - +0 scale mail
rPois   +            (no helmet)
rElec   .            (no cloak)
rCorr   .            k - +0 pair of gloves
SInv    .            (no boots)
Will    +....        (no amulet) Stlth
                     v - ring of poison resistance
HPRegen 0.26/turn    i - ring of willpower
MPRegen 0.12/turn

%: no passive effects
@: no status effects
A: fangs 1, strong nose, distributed training
a: no special abilities


You were on level 4 of the Dungeon.
You visited 1 branch of the dungeon, and saw 4 of its levels.

You collected 125 gold pieces.

Inventory:

Hand Weapons
 a - a +0 spear
 b - a +0 sling
 C - a +0 spectral club (weapon)
Missiles
 d - 6 darts of dispersal
 j - 20 stones (quivered)
 x - 3 boomerangs
 z - 6 poisoned darts
Armour
 k - a +0 pair of gloves (worn)
 l - a +0 scale mail (worn)
 q - a +0 tower shield
 u - a +0 leather armour
Jewellery
 i - a ring of willpower (right hand)
 v - a ring of poison resistance (left hand)
Wands
 B - a wand of flame (12)
Scrolls
 c - a scroll of blinking
 f - a scroll of brand weapon {unknown}
 h - 2 scrolls of noise {unknown}
 n - 3 scrolls of teleportation {unknown}
 o - a scroll of poison {unknown}
 r - a scroll of torment {unknown}
 t - a scroll of revelation {unknown}
 y - a scroll of enchant armour {unknown}
 A - a scroll of silence {unknown}
Potions
 e - a potion of might
 g - a potion of invisibility {unknown}
 m - a potion of ambrosia {unknown}
 p - 2 potions of lignification {unknown}
 s - a potion of curing {unknown}
 w - a potion of cancellation {unknown}


   Skills:
 + Level 4.7 Fighting
 + Level 1.2 Short Blades
 + Level 1.2 Long Blades
 + Level 1.2 Axes
 + Level 1.2 Maces & Flails
 + Level 4.7 Polearms
 + Level 1.2 Staves
 + Level 1.2 Ranged Weapons
 + Level 2.8 Throwing
 + Level 2.8 Armour
 + Level 4.7 Dodging
 + Level 1.2 Stealth
 + Level 1.2 Shields
 + Level 1.2 Unarmed Combat
 + Level 5.1 Spellcasting
 + Level 1.0 Conjurations
 + Level 1.0 Hexes
 + Level 1.0 Summonings
 + Level 1.0 Necromancy
 + Level 5.5 Translocations
 + Level 1.0 Fire Magic
 + Level 1.0 Ice Magic
 + Level 1.0 Air Magic
 + Level 1.0 Earth Magic
 + Level 1.0 Alchemy
 + Level 1.4 Invocations
 + Level 1.2 Evocations
 + Level 1.1 Shapeshifting


You had 13 spell levels left.
You didn't know any spells.
Your spell library contained the following spells:

 Spells                   Type           Power      Damage    Failure   Level
 Apportation              Tloc           38%        N/A       12%         1
 Blink                    Tloc           38%        N/A       17%         2
 Lesser Beckoning         Tloc           38%        N/A       17%         2
 Gell's Gravitas          Tloc           19%        N/A       34%         3
 Teleport Other           Tloc           19%        N/A       34%         3
 Jinxbite                 Hex            12%        N/A       71%         2
 Static Discharge         Conj/Air       12%        3-4/arc   71%         2
 Manifold Assault         Tloc           19%        N/A       75%         4
 Tukima's Dance           Hex            6%         N/A       91%         3
 Dimensional Bullseye     Hex/Tloc       6%         N/A       96%         4
 Iskenderun's Mystic Bla  Conj/Tloc      12%        2d5       96%         4
 Vhi's Electric Charge    Tloc/Air       24%        N/A       96%         4
 Airstrike                Air            3%         2d(1-17)  100%        4
 Summon Lightning Spire   Summ/Air       6%         N/A       100%        4
 Alistair's Intoxication  Alch           4%         N/A       100%        5


Dungeon Overview and Level Annotations

Branches:
Dungeon (4/15)
 Temple: D:4-7

Altars:

Shops:
D:2 [

Annotations:
D:4 Grinder


Innate Abilities, Weirdness & Mutations

You have very sharp teeth.
Your uncanny sense of smell can sniff out nearby items.
Your experience applies equally to all skills.


Message History

There is a stone staircase leading up here.
Unknown command.
Unknown command.
Unknown command.
Found an escape hatch in the ceiling.
Grinder blinks!
No target in view!
No target in view!
Grinder is nearby!
Grinder is nearby!
You barely miss Grinder.
Your +0 spectral club barely misses Grinder.
Grinder hits you.
You writhe in agony.
Grinder hits you.
* * * LOW HITPOINT WARNING * * *
You writhe in agony.
* * * LOW HITPOINT WARNING * * *
You are too injured to fight recklessly!
You are too injured to fight recklessly!
You are too injured to fight recklessly!
Unknown command.
You hit Grinder but do no damage.
Your +0 spectral club hits Grinder.
Grinder says, "I used to sell toenails on the black market."
Grinder hits you!
* * * LOW HITPOINT WARNING * * *
You writhe in agony.
* * * LOW HITPOINT WARNING * * *
Unknown command.
You hit Grinder.
Grinder is lightly wounded.
Your +0 spectral club hits Grinder but does no damage.
Grinder hits you but does no damage.
You closely miss Grinder. Your bite misses Grinder.
Grinder is lightly wounded.
Your +0 spectral club closely misses Grinder.
Grinder hits you but does no damage.
Unknown command.
You hit Grinder but do no damage. You bite Grinder, but do no damage.
Grinder is lightly wounded.
Your +0 spectral club hits Grinder but does no damage.
Grinder hits you.
* * * LOW HITPOINT WARNING * * *
You writhe in agony.
* * * LOW HITPOINT WARNING * * *
You hit Grinder.
Grinder is lightly wounded.
Your +0 spectral club hits Grinder.
Grinder sighs, "No one appreciates my work."
Grinder hits you!
You die...
Grinder says, "Now the real fun starts!"

##.... ......
#########...<..
##..#..#........
#...............
##..####..?.....
##........#......
##.........# .....
#...<...@.## ....
##....##5(........
#.............#..
##..........### #
#.........##
##..........
#.....#......
##.[..........
##..........


You could see Grinder and a friendly +0 spectral club.

Vanquished Creatures
  Ijyb (D:3)
  3 adders
  2 dart slugs
  A ribbon worm (D:3)
  3 orcs (D:3)
  3 endoplasms
  5 giant cockroaches
  A goblin (D:1)
  2 hobgoblins (D:1)
  3 jackals (D:3)
  2 kobolds (D:2)
  2 quokkas
  3 ball pythons
  3 bats (D:3)
  A frilled lizard (D:2)
  2 rats (D:1)
37 creatures vanquished.

Notes
Turn   | Place    | Note
-------+----------+-------------------------------------------
     0 | D:1      | Sobieck the Gnoll Warper began the quest for the Orb.
     0 | D:1      | Reached XP level 1. HP: 20/20 MP: 6/6
   335 | D:1      | Reached XP level 2. HP: 26/26 MP: 7/7
   634 | D:2      | Found Uraplull's Armour Emporium.
   838 | D:2      | Reached XP level 3. HP: 31/31 MP: 7/9
  1175 | D:2      | Found a faded altar of an unknown god.
  1462 | D:3      | Reached skill level 1 in Invocations
  1588 | D:3      | Reached skill level 1 in Short Blades
  1588 | D:3      | Reached skill level 1 in Long Blades
  1588 | D:3      | Reached skill level 1 in Axes
  1588 | D:3      | Reached skill level 1 in Maces & Flails
  1588 | D:3      | Reached skill level 1 in Staves
  1588 | D:3      | Reached skill level 1 in Ranged Weapons
  1588 | D:3      | Reached skill level 1 in Stealth
  1588 | D:3      | Reached skill level 1 in Shields
  1588 | D:3      | Reached skill level 1 in Unarmed Combat
  1588 | D:3      | Reached skill level 1 in Evocations
  1725 | D:3      | Noticed Ijyb
  2124 | D:3      | Reached skill level 1 in Shapeshifting
  2124 | D:3      | Reached XP level 4. HP: 36/38 MP: 11/11
  2479 | D:4      | Noticed Grinder
  2528 | D:3      | Killed Ijyb
  2529 | D:3      | Reached skill level 1 in Conjurations
  2529 | D:3      | Reached skill level 1 in Hexes
  2529 | D:3      | Reached skill level 1 in Summonings
  2529 | D:3      | Reached skill level 1 in Necromancy
  2529 | D:3      | Reached skill level 1 in Fire Magic
  2529 | D:3      | Reached skill level 1 in Ice Magic
  2529 | D:3      | Reached skill level 1 in Air Magic
  2529 | D:3      | Reached skill level 1 in Earth Magic
  2529 | D:3      | Reached skill level 1 in Alchemy
  2652 | D:4      | Slain by Grinder

Illustrated notes

Levels and vault maps discovered:
D:1:      dpeg_arrival_rhombi, layout_loops_ring
D:2:      layout_loops_cross, serial_shops, nicolae_shop_waterfront,
          basic_ecumenical_altar
D:3:      layout_loops_ring, small_statue_intersection, uniq_ijyb
D:4:      layout_cave_pools, ebering_ghost_disaster_area, uniq_eustachio,
          uniq_grinder

Skill      XL: |  1  2  3  4 |
---------------+-------------+-----
Spellcasting   | 5 |  5.1
Invocations    | 1 |  1.4
Short Blades   | 1 |  1.2
Long Blades    | 1 |  1.2
Axes           | 1 |  1.2
Maces & Flails | 1 |  1.2
Staves         | 1 |  1.2
Ranged Weapons | 1 |  1.2
Stealth        | 1 |  1.2
Shields        | 1 |  1.2
Unarmed Combat | 1 |  1.2
Evocations     | 1 |  1.2
Shapeshifting  | 1 |  1.1
Conjurations   | 1 |  1.0
Hexes          | 1 |  1.0
Summonings     | 1 |  1.0
Necromancy     | 1 |  1.0
Fire Magic     | 1 |  1.0
Ice Magic      | 1 |  1.0
Air Magic      | 1 |  1.0
Earth Magic    | 1 |  1.0
Alchemy        | 1 |  1.0
Fighting       | |  4.7
Polearms       | |  4.7
Throwing       | |  2.8
Armour         | |  2.8
Dodging        | |  4.7
Translocations | |  5.5

Action                     |  1- 3 |  4- 6 || total
---------------------------+-------+-------++-------
  Melee: Spear             |   153 |    16 ||   169
         Bite              |    14 |     2 ||    16
         Punch             |     3 |     1 ||     4
         Club              |       |     6 ||     6
   Fire: Sling             |    19 |       ||    19
  Throw: Stone             |     3 |     1 ||     4
         Dart              |     1 |       ||     1
    Use: Potion            |       |     1 ||     1
 Armour: Leather armour    |    17 |       ||    17
         Scale mail        |    75 |    19 ||    94
  Dodge: Dodged            |    64 |     2 ||    66

Table legend: (Time is in decaauts)
 A = Elapsed time spent in this place.
 B = Non-inter-level travel time spent in this place.
 C = Inter-level travel time spent in this place.
 D = Time resting spent in this place.
 E = Time spent auto-exploring this place.
 F = Levels seen in this place.
 G = Mean time per level.
                   A        B        C        D        E       F      G
               +--------+--------+--------+--------+--------+-----+--------+
         Total |   2644 |   2369 |    275 |    167 |   1734 |   4 |  661.0 |
       Dungeon |   2644 |   2369 |    275 |    167 |   1734 |   4 |  661.0 |
               +--------+--------+--------+--------+--------+-----+--------+

Top non-repeatable levels by time:
     D:3: 1010 daAuts
     D:2: 851 daAuts
     D:1: 688 daAuts
     D:4: 94 daAuts
